 Dungeon Crawl Stone Soup version 0.28-a0-1404-g4df0f3684d (webtiles) character file.

Game seed: 14792437104090355996

10 zap2161 the Magician (level 2, 15/15 HPs)
             Began as a Deep Elf Hedge Wizard on Jan 5, 2022.
             Quit the game on level 1 of the Dungeon.
             The game lasted 00:06:58 (355 turns).

zap2161 the Magician (Deep Elf Hedge Wizard)         Turns: 355, Time: 00:06:59

Health: 15/15      AC:  3    Str:  7    XL:     2   Next: 10%
Magic:  8/10       EV: 12    Int: 18    God:
Gold:   0          SH:  0    Dex: 14    Spells: 10/11 levels left

rFire   . . .      SeeInvis .   a - +0 dagger
rCold   . . .      Faith    .   (no shield)
rNeg    . . .      Spirit   .   b - +0 robe
rPois   .          Reflect  .   c - +0 hat
rElec   .          Harm     .   d - +0 cloak
rCorr   .          Rampage  .   (no gloves)
Will    .....                   (no boots)
Stlth   ++........              (no amulet)
HPRegen 0.05/turn               (no ring)
MPRegen 0.12/turn               (no ring)

@: no status effects
A: no striking features
a: no special abilities


You were on level 1 of the Dungeon.
You visited 1 branch of the dungeon, and saw 1 of its levels.

Inventory:

Hand Weapons
 a - a +0 dagger (weapon)
Missiles
 e - 22 stones
Armour
 b - a +0 robe (worn)
 c - a +0 hat (worn)
 d - a +0 cloak (worn)


   Skills:
 + Level 2.4 Dodging
 + Level 2.4 Stealth
 + Level 5.1 Spellcasting
 + Level 1.2 Conjurations
 + Level 1.1 Summonings
 * Level 1.2 Translocations


You had 10 spell levels left.
You knew the following spells:

 Your Spells              Type           Power      Damage    Failure   Level
a - Magic Dart            Conj           32%        1d4       9%          1

Your spell library contained the following spells:

 Spells                   Type           Power      Damage    Failure   Level
 Blink                    Tloc           16%        N/A       12%         2
 Slow                     Hex            16%        N/A       13%         1
 Call Imp                 Summ           8%         N/A       13%         2
 Conjure Flame            Conj/Fire      6%         6-21      30%         3
 Mephitic Cloud           Conj/Pois/Air  6%         N/A       32%         3


Dungeon Overview and Level Annotations

Branches:
Dungeon (1/15)

Altars:


Message History

The magic dart hits the hobgoblin.
The hobgoblin is heavily wounded.
The hobgoblin closely misses you.
Casting: Magic Dart (safe; 9% risk of failure)
Confirm with . or Enter, or press ? or * to list all spells.
Aiming: Magic Dart (safe; 9% risk of failure)
Press: ? - help, Shift-Dir - straight line, f/p - hobgoblin
Aim: a hobgoblin (heavily wounded, 100% to hit)
The magic dart hits the hobgoblin.
You kill the hobgoblin!
You have reached level 2!
Your magical contamination has completely faded away.
There is an open door here.
A ball python comes into view.
The ball python hisses angrily.
Casting: Magic Dart (safe; 9% risk of failure)
Confirm with . or Enter, or press ? or * to list all spells.
Aiming: Magic Dart (safe; 9% risk of failure)
Press: ? - help, Shift-Dir - straight line, f - ball python
Aim: a ball python (100% to hit)
The magic dart hits the ball python.
The ball python is heavily wounded.
Casting: Magic Dart (safe; 9% risk of failure)
Confirm with . or Enter, or press ? or * to list all spells.
Aiming: Magic Dart (safe; 9% risk of failure)
Press: ? - help, Shift-Dir - straight line, f/p - ball python
Aim: a ball python (heavily wounded, 100% to hit)
The magic dart hits the ball python.
The ball python is severely wounded.
Casting: Magic Dart (safe; 9% risk of failure)
Confirm with . or Enter, or press ? or * to list all spells.
Aiming: Magic Dart (safe; 9% risk of failure)
Press: ? - help, Shift-Dir - straight line, f/p - ball python
Aim: a ball python (severely wounded, 100% to hit)
The magic dart hits the ball python.
You kill the ball python!
Okay, then.
Unknown command.
Unknown command.
Are you sure you want to abandon this character and quit the game? (Confirm with "yes".)

#.# #......).....####.# #.
#.# #.....###########.##
##. #.# #.....# #....##..#
#.. #.# #.....#
#.##.###.####..
#.#####.....#####.##)#
#.#8....
#.................##.#
#.####..
#######.....########.#
#....#..
#.....########'######.##.
..........@...........#..#.
########...####.......##.##
#...# #.......##..# #...#
#.......###.# #...#
#.......# #.# #####
#.......# #.# #.......# #.#
#.......# #.# #.......# #.#


There were no monsters in sight!

Vanquished Creatures
  A ball python (D:1)
  A bat (D:1)
  An endoplasm (D:1)
  A giant cockroach (D:1)
  A goblin (D:1)
  2 hobgoblins (D:1)
  A kobold (D:1)
8 creatures vanquished.

Notes
Turn   | Place    | Note
-------+----------+-------------------------------------------
     0 | D:1      | zap2161 the Deep Elf Hedge Wizard began the quest for the
                  | Orb.
     0 | D:1      | Reached XP level 1. HP: 10/10 MP: 7/7
   289 | D:1      | Reached skill level 5 in Spellcasting
   301 | D:1      | Reached XP level 2. HP: 15/15 MP: 5/10
   355 | D:1      | Quit the game

Illustrated notes

Levels and vault maps discovered:
D:1:      psy_arrival_heroes, layout_basic

Skill      XL: |  1 |
---------------+----+-----
Spellcasting   | 5 |  5.1
Dodging        | |  2.4
Stealth        | |  2.4
Conjurations   | |  1.2
Summonings     | |  1.1
Translocations | |  1.2

Action                   || total
-------------------------++-------
Melee: Dagger            ||     2
 Cast: Magic Dart        ||    23
Armor: Robe              ||     1
Dodge: Dodged            ||     3

Table legend: (Time is in decaauts)
 A = Elapsed time spent in this place.
 B = Non-inter-level travel time spent in this place.
 C = Inter-level travel time spent in this place.
 D = Time resting spent in this place.
 E = Time spent auto-exploring this place.
 F = Levels seen in this place.
 G = Mean time per level.
                   A        B        C        D        E       F      G
               +--------+--------+--------+--------+--------+-----+--------+
         Total |    355 |    355 |      0 |      0 |      0 |   1 |  355.0 |
       Dungeon |    355 |    355 |      0 |      0 |      0 |   1 |  355.0 |
               +--------+--------+--------+--------+--------+-----+--------+

Top non-repeatable levels by time:
     D:1: 355 daAuts
